 Dungeon Crawl Stone Soup version 0.22-a0-283-g1871b15 (webtiles) character file.

348 tidbits the Insei (level 6, -2/47 HPs)
             Began as a Gnoll Transmuter on Mar 18, 2018.
             Slain by an ogre
             ... wielding a +0 giant spiked club
              (33 damage)
             ... on level 7 of the Dungeon.
             The game lasted 00:08:09 (879 turns).

tidbits the Insei (Gnoll Transmuter)                 Turns: 879, Time: 00:08:10

Health: -2/47      AC:  2    Str: 12    XL:     6   Next: 60%
Magic:  7/14       EV: 24    Int: 17    God:
Gold:   110        SH:  0    Dex: 21    Spells: 9/15 levels left

rFire    . . .     SeeInvis .     - Unarmed
rCold    . . .     Gourm    .   (shield currently unavailable)
rNeg     . . .     Faith    .   (armour currently unavailable)
rPois    x         Spirit   .   (helmet currently unavailable)
rElec    .         Reflect  .   (cloak currently unavailable)
rCorr    .         Harm     .   (gloves currently unavailable)
MR       .....                  (boots currently unavailable)
Stlth    ++........             (no amulet)
HPRegen  0.15/turn              (no ring)
MPRegen  0.14/turn              (no ring)

@: spider-form
A: tiny, distributed training, strong nose
a: End Transformation


You were on level 7 of the Dungeon.
You were hungry.
You were a venomous arachnid creature.
You visited 1 branch of the dungeon, and saw 7 of its levels.

You collected 110 gold pieces.

Inventory:

Hand Weapons
 d - a +0 short sword
 k - a +0 dagger (melded)
 l - a +0 hunting sling
Missiles
 a - 17 arrows
 m - 78 stones (quivered)
 o - 16 bolts
Armour
 g - a +0 leather armour of fire resistance
   (You found it on level 1 of the Dungeon)
 B - a +0 robe (melded)
 F - a cursed +0 pair of boots (melded)
Jewellery
 j - an uncursed ring of ice
   (You found it on level 2 of the Dungeon)
Wands
 n - a wand of iceblast (10)
Scrolls
 e - 7 scrolls of teleportation
 f - a scroll of fear
 h - a scroll of identify
 p - a scroll of immolation {unknown}
 q - a scroll of magic mapping {unknown}
Potions
 b - 2 potions of lignification
 i - 2 potions of curing
Comestibles
 c - 5 rations


   Skills:
 + Level 3.2 Fighting
 + Level 2.0 Short Blades
 + Level 2.0 Long Blades
 + Level 2.0 Axes
 + Level 2.0 Maces & Flails
 + Level 2.0 Polearms
 + Level 2.0 Staves
 + Level 2.0 Slings
 + Level 2.0 Bows
 + Level 2.0 Crossbows
 + Level 2.0 Throwing
 + Level 2.0 Armour
 + Level 5.0 Dodging
 + Level 2.0 Stealth
 + Level 2.0 Shields
 + Level 6.8 Unarmed Combat
 + Level 5.4 Spellcasting
 + Level 1.5 Conjurations
 + Level 1.5 Hexes
 + Level 1.5 Charms
 + Level 1.5 Summonings
 + Level 1.5 Necromancy
 + Level 1.5 Translocations
 + Level 4.1 Transmutations
 + Level 1.5 Fire Magic
 + Level 1.5 Ice Magic
 + Level 1.5 Air Magic
 + Level 1.5 Earth Magic
 + Level 1.5 Poison Magic
 + Level 2.2 Invocations
 + Level 2.0 Evocations


You had 9 spell levels left.
You knew the following spells:

 Your Spells              Type           Power        Failure   Level  Hunger
e - Beastly Appendage     Tmut           ###...       10%         1    None
k - Sticks to Snakes      Tmut           ###.....     12%         2    #......
p - Spider Form           Tmut/Pois      ##........   30%         3    ##.....


Dungeon Overview and Level Annotations

Branches:
Dungeon (7/15)
 Temple: D:4-7

Altars:
Fedhas
Kikubaaqudgha


Innate Abilities, Weirdness & Mutations

Your experience applies equally to all skills.
((You have very sharp teeth.))
Your uncanny sense of smell can sniff out nearby items.


Message History

The worker ant is moderately wounded.
The worker ant misses you.
Your ball python bites the worker ant zombie.
Your ball python barely misses the worker ant zombie.
You hit the worker ant.
The worker ant looks as sick as possible!
The worker ant is severely wounded.
You kill the worker ant!
Your Short Blades skill increases to level 2!
Your Long Blades skill increases to level 2!
Your Axes skill increases to level 2!
Your Maces & Flails skill increases to level 2!
Your Polearms skill increases to level 2!
Your Staves skill increases to level 2!
Your Slings skill increases to level 2!
Your Bows skill increases to level 2!
Your Crossbows skill increases to level 2!
Your Throwing skill increases to level 2!
Your Armour skill increases to level 2!
Your Stealth skill increases to level 2!
Your Shields skill increases to level 2!
Your Evocations skill increases to level 2!
Your ball python bites the worker ant zombie.
Your ball python barely misses the worker ant zombie.
The worker ant zombie misses you.
You bite the worker ant zombie!
The worker ant zombie is severely damaged.
Your ball python barely misses the worker ant zombie. x2
The worker ant zombie bites you. The ice beast hits you.
The ice beast freezes you!
* * * LOW HITPOINT WARNING * * *
You hit the worker ant zombie.
You destroy the worker ant zombie!
The ice beast hits you.
* * * LOW HITPOINT WARNING * * *
The ice beast freezes you!
* * * LOW HITPOINT WARNING * * *
It was a potion of haste.
You feel yourself speed up.
Your transformation is almost over.
Your ball python closely misses the ice beast.
The ice beast barely misses you.
Your ball python misses the ice beast.
You see here a ration.
c - 5 rations (gained 1)
Your ball python barely misses the ice beast.
Found a stone staircase leading down.
The ice beast closely misses your ball python.
Your ball python bites the ice beast but does no damage.
The ice beast hits your ball python.
Your ball python dies!
There is a stone staircase leading down here.
You climb downwards.
Found a fuming inky potion.
There is a stone staircase leading up here.
Unknown command.
Your transformation has ended.
Your +0 dagger unmelds from your body.
Your cursed +0 pair of boots unmelds from your body.
Your +0 robe unmelds from your body.
You see here a fuming inky potion.
It was a potion of heal wounds.
You feel much better.
Found 11 gold pieces.
You see here 11 gold pieces.
You now have 110 gold pieces (gained 11).
You found a teleport trap!
Found a short sword.
Found a plate armour.
Found a stone staircase leading down.
There is a stone staircase leading down here.
You climb downwards.
Found three items.
Found a stone staircase leading up.
There is a stone staircase leading up here.
You see here a potion of lignification.
b - 2 potions of lignification (gained 1)
Your extra speed is starting to run out.
You feel yourself slow down.
You open the door.
Found a human skeleton.
You see here 3 scrolls of teleportation.
e - 7 scrolls of teleportation (gained 3)
There is an open door here.
Found a scroll of fear and a human skeleton.
You see here a human skeleton.
Found an orc skeleton.
Casting: Sticks to Snakes (safe; 3% risk of failure)
Confirm with . or Enter, or press ? or * to list all spells.
You grow a pair of large bovine horns.
An ogre comes into view. It is wielding a giant spiked club.
The ogre shouts!
Found a throwing net and 5 rations.
Casting: Beastly Appendage (safe; 2% risk of failure)
Confirm with . or Enter, or press ? or * to list all spells.
Your horns disappear.
You turn into a venomous arachnid creature.
Your +0 dagger melds into your body.
Your cursed +0 pair of boots melds into your body.
Your +0 robe melds into your body.
The ogre hits you with a giant spiked club!!
Ouch! That really hurt!
You die...

##### #%%÷#
#.§÷# #%O.#
##s# #.##
##.# ##
##.###.###
#.÷......?
#...#.....
#.#.#.######
#.#'#<#.....
#.......#####


You could see an ogre.

Vanquished Creatures
  An ogre (D:4)
  A jelly (D:1)
  A centaur skeleton (D:2)
  An orc priest (D:5)
  An orc wizard (D:5)
  2 worker ants
  A hound skeleton (D:4)
  A worker ant zombie (D:5)
  2 adders
  2 oozes (D:1)
  A worm (D:3)
  4 leopard geckos
  3 orcs
  6 giant cockroaches (D:1)
  4 goblins
  4 hobgoblins
  10 jackals
  2 ball pythons
  A bat (D:2)
  A frilled lizard (D:3)
  5 kobolds
  8 rats (D:1)
62 creatures vanquished.

Vanquished Creatures (collateral kills)
  A jackal (D:2)
  A kobold (D:2)
  A quokka zombie (D:5)
  2 rats
5 creatures vanquished.

Grand Total: 67 creatures vanquished

Notes
Turn   | Place    | Note
-------+----------+-------------------------------------------
     0 | D:1      | tidbits the Gnoll Transmuter began the quest for the Orb.
     0 | D:1      | Reached XP level 1. HP: 17/17 MP: 6/6
     0 | D:1      | Noticed a jelly
     1 | D:1      | Found a runed door.
    18 | D:1      | Reached XP level 2. HP: 22/23 MP: 7/7
    35 | D:1      | Reached skill level 5 in Spellcasting
    35 | D:1      | Reached skill level 1 in Invocations
    35 | D:1      | Reached XP level 3. HP: 11/28 MP: 7/9
    39 | D:1      | Reached skill level 1 in Short Blades
    39 | D:1      | Reached skill level 1 in Long Blades
    39 | D:1      | Reached skill level 1 in Axes
    39 | D:1      | Reached skill level 1 in Maces & Flails
    39 | D:1      | Reached skill level 1 in Polearms
    39 | D:1      | Reached skill level 1 in Staves
    39 | D:1      | Reached skill level 1 in Slings
    39 | D:1      | Reached skill level 1 in Bows
    39 | D:1      | Reached skill level 1 in Crossbows
    39 | D:1      | Reached skill level 1 in Throwing
    39 | D:1      | Reached skill level 1 in Armour
    39 | D:1      | Reached skill level 1 in Stealth
    39 | D:1      | Reached skill level 1 in Shields
    39 | D:1      | Reached skill level 1 in Evocations
    50 | D:1      | Learned a level 2 spell: Sticks to Snakes
    54 | D:1      | Learned a level 3 spell: Spider Form
    71 | D:1      | Reached XP level 4. HP: 12/34 MP: 9/11
   183 | D:1      | You fall through a shaft!
   183 | D:2      | Found a blossoming altar of Fedhas.
   224 | D:2      | Reached skill level 1 in Conjurations
   224 | D:2      | Reached skill level 1 in Hexes
   224 | D:2      | Reached skill level 1 in Charms
   224 | D:2      | Reached skill level 1 in Summonings
   224 | D:2      | Reached skill level 1 in Necromancy
   224 | D:2      | Reached skill level 1 in Translocations
   224 | D:2      | Reached skill level 1 in Fire Magic
   224 | D:2      | Reached skill level 1 in Ice Magic
   224 | D:2      | Reached skill level 1 in Air Magic
   224 | D:2      | Reached skill level 1 in Earth Magic
   224 | D:2      | Reached skill level 1 in Poison Magic
   249 | D:3      | Reached XP level 5. HP: 26/40 MP: 1/12
   593 | D:4      | Reached skill level 3 in Fighting
   593 | D:4      | Reached skill level 4 in Transmutations
   594 | D:4      | Noticed an ogre
   604 | D:4      | Killed an ogre
   604 | D:4      | Reached skill level 2 in Invocations
   604 | D:4      | Reached XP level 6. HP: 14/47 MP: 3/13
   652 | D:4      | Found an ancient bone altar of Kikubaaqudgha.
   736 | D:5      | Entered Level 5 of the Dungeon
   774 | D:5      | Reached skill level 5 in Dodging
   794 | D:5      | Noticed an ice beast
   803 | D:5      | Reached skill level 2 in Short Blades
   803 | D:5      | Reached skill level 2 in Long Blades
   803 | D:5      | Reached skill level 2 in Axes
   803 | D:5      | Reached skill level 2 in Maces & Flails
   803 | D:5      | Reached skill level 2 in Polearms
   803 | D:5      | Reached skill level 2 in Staves
   803 | D:5      | Reached skill level 2 in Slings
   803 | D:5      | Reached skill level 2 in Bows
   803 | D:5      | Reached skill level 2 in Crossbows
   803 | D:5      | Reached skill level 2 in Throwing
   803 | D:5      | Reached skill level 2 in Armour
   803 | D:5      | Reached skill level 2 in Stealth
   803 | D:5      | Reached skill level 2 in Shields
   803 | D:5      | Reached skill level 2 in Evocations
   805 | D:5      | HP: 2/47 [ice beast (13)]
   879 | D:7      | Slain by an ogre

Vault maps used:
D:1:      dpeg_arrival_caged_fury
D:2:      dancing_weapons_uskayaw, fedhas_altar_3
D:4:      kennysheep_mini_moat, overflow_temple_1_default, led_sif_pool,
          minmay_temple_entry_trees
D:5:      first_ration
D:6:      serial_shops, shop, uniq_blork_the_orc, uniq_prince_ribbit1
D:7:      grunt_ogre_cave, okawaru_gym_becter

Skill      XL: |  1  2  3  4  5  6 |
---------------+-------------------+-----
Spellcasting   | 5 |  5.4
Invocations    | 1 2 |  2.2
Short Blades   | 1 2 |  2.0
Long Blades    | 1 2 |  2.0
Axes           | 1 2 |  2.0
Maces & Flails | 1 2 |  2.0
Polearms       | 1 2 |  2.0
Staves         | 1 2 |  2.0
Slings         | 1 2 |  2.0
Bows           | 1 2 |  2.0
Crossbows      | 1 2 |  2.0
Throwing       | 1 2 |  2.0
Armour         | 1 2 |  2.0
Stealth        | 1 2 |  2.0
Shields        | 1 2 |  2.0
Evocations     | 1 2 |  2.0
Conjurations   | 1 |  1.5
Hexes          | 1 |  1.5
Charms         | 1 |  1.5
Summonings     | 1 |  1.5
Necromancy     | 1 |  1.5
Translocations | 1 |  1.5
Fire Magic     | 1 |  1.5
Ice Magic      | 1 |  1.5
Air Magic      | 1 |  1.5
Earth Magic    | 1 |  1.5
Poison Magic   | 1 |  1.5
Fighting       | 3 |  3.2
Transmutations | 4 |  4.1
Dodging        | 5 |  5.0
Unarmed Combat | |  6.8

Action                   |  1- 3 |  4- 6 || total
-------------------------+-------+-------++-------
Melee: Unarmed           |    39 |    92 ||   131
       Kick              |     9 |       ||     9
       Bite              |     4 |     2 ||     6
       Punch             |     1 |       ||     1
       Headbutt          |       |     1 ||     1
 Cast: Beastly Appendage |     4 |     3 ||     7
       Spider Form       |       |    19 ||    19
       Sticks to Snakes  |       |     8 ||     8
  Use: Potion            |       |     4 ||     4
       Scroll            |       |     3 ||     3
 Stab: Sleeping          |       |     3 ||     3
       Distracted        |       |     1 ||     1
  Eat: Chunk             |       |     1 ||     1
Armor: Robe              |     4 |       ||     4
       Skin              |       |     3 ||     3
Dodge: Dodged            |    19 |    56 ||    75

Table legend:
 A = Spawn XP
 B = Non-spawn XP
 C = Spawn XP percentage of total XP
 D = Spawn monster count
 E = Non-spawn monster count
 F = Spawn count percentage of total count
 G = Total turns spent on level
                    A         B        C        D         E        F      G
               +---------+---------+-------+---------+---------+-------+---------
         Total |       0 |     498 |   0.0 |       0 |      67 |   0.0 |   879
               +---------+---------+-------+---------+---------+-------+---------
           D:1 |       0 |      97 |   0.0 |       0 |      29 |   0.0 |   180
           D:2 |       0 |      67 |   0.0 |       0 |      13 |   0.0 |    65
           D:3 |       0 |      37 |   0.0 |       0 |      12 |   0.0 |   281
           D:4 |       0 |     172 |   0.0 |       0 |       6 |   0.0 |   210
           D:5 |       0 |     125 |   0.0 |       0 |       7 |   0.0 |    82
               +---------+---------+-------+---------+---------+-------+---------

Table legend:
 A = Turns spent in this place as a percentage of turns spent in the entire game.
 B = Non-inter-level travel turns spent in this place as a percentage of non-inter-level travel turns spent in the entire game.
 C = Inter-level travel turns spent in this place as a percentage of turns spent in this place.
 D = Turns resting spent in this place as a percentage of non-inter-level travel turns spent in this place.
 E = Turns spent auto-exploring this place as a percentage of non-inter-level travel turns spent in this place.
 F = Non-inter-level travel turns spent in this place divided by the number of levels of this place that you've seen.
                   A       B       C       D       E      F
               +-------+-------+-------+-------+-------+----------------------
         Total | 100.0 | 100.0 |   0.0 |   0.0 |   0.0 | 125.6
       Dungeon | 100.0 | 100.0 |   0.0 |   0.0 |   0.0 | 125.6
               +-------+-------+-------+-------+-------+----------------------

Table legend:
 A = Kills in this place as a percentage of kills in entire the game.
 B = Kills by you in this place as a percentage of kills by you in the entire game.
 C = Kills by friends in this place as a percentage of kills by friends in the entire game.
 D = Other kills in this place as a percentage of other kills in the entire game.
 E = Experience gained in this place as a percentage of experience gained in the entire game.
 F = Experience gained in this place divided by the number of levels of this place that you have seen.
                   A       B       C       D       E      F
               +-------+-------+-------+-------+-------+----------------------
         Total | 100.0 | 100.0 | 100.0 |   N/A | 100.0 |  71.1
       Dungeon | 100.0 | 100.0 | 100.0 |   N/A | 100.0 |  71.1
               +-------+-------+-------+-------+-------+----------------------

Vault maps used:
D:1:      dpeg_arrival_caged_fury
D:2:      dancing_weapons_uskayaw, fedhas_altar_3
D:4:      kennysheep_mini_moat, overflow_temple_1_default, led_sif_pool,
          minmay_temple_entry_trees
D:5:      first_ration
D:6:      serial_shops, shop, uniq_blork_the_orc, uniq_prince_ribbit1
D:7:      grunt_ogre_cave, okawaru_gym_becter
